 Dungeon Crawl Stone Soup version 0.18-a0-1677-g2bdad6c (webtiles) character file.

49 dohliylev the Vexing (level 3, -1/24 HPs)
             Began as a Vampire Enchanter on Apr 2, 2016.
             Slain by a worm (9 damage)
             ... on level 2 of the Dungeon.
             The game lasted 00:02:05 (437 turns).

dohliylev the Vexing (Vampire Enchanter)             Turns: 437, Time: 00:02:05

Health: -1/24      AC:  3    Str:  8    XL:     3   Next: 51%
Magic:  2/6        EV: 13    Int: 17    God:
Gold:   39         SH:  0    Dex: 14    Spells: 2 memorised, 3 levels left

rFire  . . .     SeeInvis +     a - +1 dagger
rCold  . . .     Gourm    .     b - +1 robe
rNeg   + . .     Faith    .     (no shield)
rPois  .         Spirit   .     (no helmet)
rElec  .         Dismiss  .     (no cloak)
rCorr  .         Reflect  .     (no gloves)
SustAt .         Harm     .     (no boots)
MR     .....                    (no amulet)
Stlth  +++.......               (no ring)
                                (no ring)

@: not resistant to hostile enchantments, fairly stealthy
A: fangs 3, see invisible, unbreathing
a: Bat Form


You were on level 2 of the Dungeon.
You were not thirsty.

You visited 1 branch of the dungeon, and saw 3 of its levels.

You collected 39 gold pieces.

Inventory:

Hand Weapons
 a - a +1 dagger (weapon)
Armour
 b - a +1 robe (worn)
Scrolls
 e - a scroll of blinking {unknown}
 f - a scroll of noise {unknown}
 g - a scroll of teleportation {unknown}
 h - a scroll of magic mapping {unknown}
Potions
 d - 5 potions of blood
 i - a potion of invisibility {unknown}
 j - 2 potions of curing {unknown}
Books
 c - a book of Maledictions

   Spells                             Type                      Level
   a - Corona                         Hexes                        1
   b - Ensorcelled Hibernation        Hexes/Ice                    2
   c - Confuse                        Hexes                        3
   d - Tukima's Dance                 Hexes                        3
   e - Dazzling Spray                 Conjuration/Hexes            3


   Skills:
 + Level 0.1 Fighting
 + Level 1.1 Short Blades
 + Level 2.7 Dodging
 + Level 5.0 Stealth
 + Level 2.4 Spellcasting
 + Level 5.3 Hexes


You had 3 spell levels left.
You knew the following spells:

 Your Spells              Type           Power        Failure   Level  Hunger
a - Corona                Hex            ###....      2%          1    #......
b - Ensorcelled Hibernat  Hex/Ice        ##....       12%         2    ##.....


Dungeon Overview and Level Annotations

Branches:
Dungeon (3/15)

Altars:
Okawaru
Pakellas


Innate Abilities, Weirdness & Mutations

You have razor-sharp teeth.
You have supernaturally acute eyesight.
You can survive without breathing.


Message History

You climb upwards.
There is a stone staircase leading down here.
Casting: Ensorcelled Hibernation
Confirm with . or Enter, or press ? or * to list all spells.
Aiming: Ensorcelled Hibernation
Press: ? - help, Shift-Dir - straight line, f - gnoll
Aim: a gnoll, wielding a spear (chance to defeat MR: 50%)
The gnoll looks drowsy...
The helpless gnoll fails to defend itself.
You impale the gnoll!!
You kill the gnoll!
Your Stealth skill increases to level 5!
Unknown command.
Casting: Ensorcelled Hibernation
Confirm with . or Enter, or press ? or * to list all spells.
Aiming: Ensorcelled Hibernation
Press: ? - help, Shift-Dir - straight line, f - worm
Aim: a worm (chance to defeat MR: 50%)
The worm resists with some effort.
The worm bites you!
You die...

#........####.####.....#########
......##.......###.....#
(.....#####.##.........#
.......####.######.....#
............#...#......^.
......#.....)..........#.
.......................#
.......................#
................@......##
......#........w.).......
......##....#...........#
##..#.##....###.........#
#...#....#### #.........#
.......## #.........# #......#
#...<.....# #......# #.........#
#.)#######.........#


You could see a worm.

Vanquished Creatures
  An adder (D:2)
  2 gnolls
  A worm (D:2)
  A ball python (D:2)
  A giant cockroach (D:2)
  A goblin (D:2)
  2 hobgoblins (D:2)
  4 jackals
  2 kobolds (D:2)
  A bat (D:1)
  2 rats
18 creatures vanquished.

Notes
Turn   | Place    | Note
--------------------------------------------------------------
     0 | D:1      | dohliylev the Vampire Enchanter began the quest for the Orb.
     0 | D:1      | Reached XP level 1. HP: 13/13 MP: 3/3
   108 | D:2      | Reached XP level 2. HP: 19/19 MP: 5/5
   173 | D:1      | Learned a level 2 spell: Ensorcelled Hibernation
   303 | D:2      | Reached skill level 5 in Hexes
   387 | D:2      | Found an oddly glowing altar of Pakellas.
   392 | D:2      | Reached XP level 3. HP: 19/24 MP: 6/6
   393 | D:2      | Found an iron altar of Okawaru.
   436 | D:2      | Reached skill level 5 in Stealth
   437 | D:2      | Slain by a worm

Vault maps used:
D:1:      dpeg_arrival_water_altar, minivault_25
D:2:      nicolae_overflow_crystal_walls, lemuel_round_altar, lemuel_tele_altar
D:3:      kennysheep_ying_yang, first_bread, kennysheep_potato

Skill      XL: |  1  2  3 |
---------------+----------+-----
Hexes          | 5 |  5.3
Stealth        | 5 |  5.0
Fighting       | |  0.1
Short Blades   | |  1.1
Dodging        | |  2.7
Spellcasting   | |  2.4

Action                   || total
-------------------------++-------
Melee: Dagger            ||    67
 Cast: Ensorcelled Hiber ||     6
 Stab: Sleeping          ||     9
